Map: Acropolis LE

Players

JonSnow - Winner!

  • Race: Zerg Zerg
  • Spawn Location: 5:00

Hjax

  • Race: Protoss Protoss
  • Spawn Location: 11:00

VOD

Have the link to the VOD?

Description

Time

  • Played on: Sept. 6, 2019, 12:35 p.m.
  • Length: 10:12
Show
View Real Time Build Order
Export as new Build Order

JonSnow Zerg - Winner!

Build Orders: Hatch First 

Get SALT Encoding   

  12  0:00  Drone  
  13  0:12  Overlord  
  13  0:16  Drone  
  14  0:33  Drone  
  15  0:44  Hatchery  
  15  0:48  Drone  
  15  0:52  Drone  
  15  0:56  Drone  
  17  1:02  Drone  
  18  1:10  Extractor  
  17  1:16  Spawning Pool  
  16  1:19  Drone  
  16  1:22  Drone  
  18  1:33  Drone  
  19  1:45  Drone  
  20  2:02  Zergling x4  
  20  2:03  Queen x2  
  20  2:05  Drone  
  20  2:07  Drone  
  28  2:30  Hatchery  
  28  2:31  Overlord, Drone  
  28  2:40  Pneumatized Carapace  
  28  2:43  Overlord  
  28  2:48  Queen  
  28  2:51  Drone  
  31  2:56  Metabolic Boost  
  31  2:59  Drone  
  31  3:01  Drone  
  31  3:04  Drone  
  34  3:06  Drone  
  34  3:08  Drone  
  34  3:12  Drone  
  37  3:15  Drone  
  37  3:16  Drone  
  37  3:18  Drone  
  40  3:22  Overlord  
  40  3:29  Queen  
  40  3:31  Drone  
  43  3:34  Zergling x2  
  44  3:42  Drone x5  
  44  3:46  Drone  
  44  3:47  Drone  
  51  3:48  Drone  
  51  3:50  Overlord  
  51  3:54  Drone  
  53  4:04  Overlord  
  53  4:05  Lair  
  53  4:08  Queen  
  55  4:12  Roach Warren  
  54  4:17  Drone x4  
  57  4:26  Drone x7  
  57  4:30  Extractor  
  57  4:31  Extractor  
  62  4:33  Spine Crawler  
  62  4:35  Overlord  
  62  4:36  Overlord  
  61  4:51  Queen  
  63  4:58  Roach x7  
  77  5:04  Roach x2  
  81  5:09  Overlord  
  81  5:10  Overlord  
  81  5:14  Glial Reconstitution  
  81  5:15  Spine Crawler  
  81  5:18  Overlord x2  
  80  5:30  Roach x5  
  80  5:34  Zergling x18  
  95  5:37  Zergling x2  
  94  5:43  Zergling x2  
  95  5:50  Zergling x6  
  95  5:55  Drone x4  
  98  5:58  Drone x3  
  98  5:59  Drone  
  98  6:02  Drone  
  98  6:03  Evolution Chamber  
  98  6:04  Drone  
  98  6:05  Drone  
  98  6:08  Drone  
  98  6:09  Drone  
  102  6:13  Drone  
  102  6:18  Roach x2  
  107  6:20  Roach  
  109  6:29  Roach x2  
  109  6:31  Roach  
  111  6:36  Drone x3  
  111  6:38  Drone  
  111  6:39  Spire, Extractor, Zerg Melee Weapons Level 1  
  107  6:40  Drone  
  107  6:43  Extractor  
  107  6:44  Drone, Extractor  
  107  6:48  Drone  
  107  6:53  Drone  
  107  6:54  Drone x3  
  112  6:57  Overseer  
  112  6:58  Drone  
  113  7:06  Overlord  
  113  7:08  Overlord x2  
  113  7:09  Overlord  
  113  7:25  Hatchery  
  113  7:28  Roach x7  
  126  7:37  Ravager x5  
  126  7:38  Zergling x2  
  126  7:39  Zergling x6  
  126  7:40  Zergling x2  
  136  7:46  Zergling x4  
  137  7:51  Overlord x2  
  134  7:59  Baneling Nest  
  134  8:03  Ravager  
  134  8:04  Ravager x4  
  135  8:09  Zergling x16  
  143  8:15  Zergling x2  
  142  8:21  Roach x5  
  145  8:31  Roach  
  145  8:32  Roach x4  
  143  8:40  Zergling x2  
  138  8:45  Centrifical Hooks  
  138  8:47  Hydralisk Den, Drone x2  
  138  8:48  Zergling x6  
  142  8:50  Baneling x5  
  142  8:52  Zergling x6  
  142  8:53  Zergling x2  
  146  8:59  Zergling x6  
  148  9:05  Zergling x4  
  148  9:10  Zergling x2  
  146  9:18  Zergling x6  
  146  9:24  Hydralisk x6  
  134  9:27  Hydralisk  
  138  9:33  Zergling x4  
  138  9:37  Drone x2  
  137  9:40  Drone x2  
  137  9:41  Drone  
  137  9:42  Drone  
  131  9:47  Drone x2  
  130  9:53  Overseer  
Show
View Real Time Build Order
Export as new Build Order

Hjax Protoss 

Build Orders: 1 Gate Expand, Phoenix Opening 

Get SALT Encoding   

  12  0:01  Probe  
  13  0:13  Probe  
  14  0:18  Pylon  
  14  0:24  Probe  
  15  0:32  Probe  
  15  0:38  Gateway  
  15  0:40  Probe  
  16  0:47  Assimilator  
  17  0:51  Probe  
  18  1:03  Probe  
  19  1:15  Probe  
  20  1:23  Nexus  
  20  1:27  Probe  
  21  1:36  Cybernetics Core  
  21  1:40  Probe  
  22  1:47  Assimilator  
  22  1:52  Probe  
  23  2:03  Pylon  
  23  2:13  Adept  
  23  2:17  Probe  
  26  2:23  Stargate  
  26  2:25  Probe  
  27  2:34  Warp Gate, Probe  
  27  2:35  Probe  
  28  2:41  Adept  
  28  2:42  Probe  
  30  2:48  Probe  
  30  2:50  Probe  
  32  2:52  Gateway  
  33  3:00  Probe  
  33  3:01  Probe  
  33  3:04  Phoenix  
  35  3:12  Probe  
  38  3:14  Probe  
  39  3:24  Probe  
  39  3:25  Twilight Council  
  39  3:26  Probe  
  41  3:34  Resonating Glaives  
  41  3:36  Probe  
  41  3:38  Probe  
  41  3:39  Robotics Facility  
  43  3:41  Pylon  
  43  3:47  Adept  
  43  3:48  Probe, Adept  
  46  3:53  Pylon  
  46  3:59  Gateway, Probe  
  47  4:04  Gateway  
  47  4:26  Warp Prism  
  47  4:27  Adept x2  
  47  4:28  Probe  
  47  4:31  Assimilator  
  54  4:33  Assimilator  
  54  4:35  Pylon  
  54  4:37  Pylon  
  54  4:49  Adept x2  
  58  4:56  Adept  
  60  5:00  Adept  
  60  5:02  Probe  
  63  5:09  Adept  
  63  5:13  Nexus  
  65  5:15  Pylon x2  
  65  5:23  Immortal  
  63  5:43  Robotics Facility  
  63  5:50  Probe  
  60  6:00  Sentry x4  
  60  6:03  Immortal, Shield Battery  
  62  6:04  Shield Battery  
  62  6:05  Probe  
  62  6:10  Shield Battery  
  65  6:12  Shield Battery  
  65  6:19  Gateway  
  65  6:21  Gateway  
  65  6:23  Gateway  
  65  6:25  Adept x2  
  65  6:30  Immortal  
  65  6:32  Adept  
  69  6:43  Probe  
  74  6:51  Adept  
  74  6:52  Probe x2  
  78  6:56  Probe  
  78  6:57  Adept  
  78  7:00  Adept  
  83  7:08  Probe  
  84  7:09  Sentry  
  84  7:10  Probe x2  
  88  7:20  Probe  
  88  7:22  Probe x2  
  91  7:31  Stargate  
  91  7:35  Stargate  
  91  7:46  Stalker x6  
  91  7:47  Stalker  
  105  7:55  Pylon  
  104  8:01  Pylon  
  104  8:10  Adept x2  
  104  8:11  Stalker  
  108  8:18  Stalker  
  108  8:19  Stalker x3  
  77  8:38  Stalker x3  
  77  8:40  Probe  
  74  8:41  Immortal  
  74  8:49  Sentry  
  74  8:50  Sentry x2  
  80  8:57  Stalker  
  78  9:19  Stalker  
  78  9:20  Stalker x4  
  64  9:36  Adept x2  
  62  9:52  Adept x2  
  62  9:53  Adept x2  
  58  10:04  Stalker  
Tags
 
Add a new tag
Caveats
  • Supply blocks, unpowered buildings, or Contaminate may cause inaccurate times.
  • Supply counts are checked every 10 seconds.